 Dungeon Crawl Stone Soup version 0.29-a0-559-g359e09b9d1 (webtiles) character file.

Game seed: 10230877106485949664

11 thegrandfake the Cudgeller (level 2, -1/27 HPs)
             Began as a Minotaur Berserker on June 10, 2022.
             Was a Follower of Trog.
             Succumbed to a kobold's poison
             ... on level 2 of the Dungeon.
             The game lasted 00:00:52 (229 turns).

thegrandfake the Cudgeller (Minotaur Berserker)      Turns: 229, Time: 00:00:53

Health: -1/27      AC: 11    Str: 21    XL:     2   Next: 17%
Magic:  1/1        EV:  6    Int:  4    God:    Trog [*.....]
Gold:   7          SH:  0    Dex:  9    Spells: 1/1 levels left

rFire   . . .      SeeInvis .   a - +0 mace
rCold   . . .      Faith    .   (no shield)
rNeg    . . .      Spirit   .   d - +0 plate armour
rPois   .          Reflect  .   (helmet restricted)
rElec   .          Harm     .   (no cloak)
rCorr   .          Rampage  .   (no gloves)
Will    .....                   (no boots)
Stlth   ..........              (no amulet)
HPRegen 0.09/turn               (no ring)
MPRegen 0.07/turn               (no ring)

@: lethally poisoned (-1 -> -29)
A: horns 2, retaliatory headbutt
a: Renounce Religion, Berserk


You were on level 2 of the Dungeon.
You worshipped Trog.
Trog was aware of your devotion.
You visited 1 branch of the dungeon, and saw 2 of its levels.

You collected 7 gold pieces.

Inventory:

Hand Weapons
 a - a +0 mace (weapon)
Armour
 d - a +0 plate armour (worn)
Scrolls
 c - a scroll of immolation {unknown}
Potions
 b - a potion of brilliance {unknown}


   Skills:
 + Level 4.0 Fighting
 + Level 4.0 Maces & Flails
 + Level 2.5 Armour
 + Level 2.3 Dodging


You had one spell level left.
You didn't know any spells.
Your spell library was empty.

Dungeon Overview and Level Annotations

Branches:
Dungeon (2/15)

Altars:


Innate Abilities, Weirdness & Mutations

You have a pair of horns on your head.
You reflexively headbutt those who attack you in melee.


Message History

The rat bites you.
You barely miss the rat. The rat completely misses you.
The rat bites you but does no damage. The rat bites you but does no damage.
The rat attacks as you move away! The rat bites you but does no damage.
You closely miss the rat. The rat bites you but does no damage.
You hit the rat.
You kill the rat!
Trog accepts your kill.
Your Fighting skill increases to level 4!
Found a scroll labelled JIMNETHA UMIRPH.
c - a scroll labelled JIMNETHA UMIRPH A kobold comes into view.
It is wielding a +1 short sword of venom.
Found a stone staircase leading up.
The kobold shouts!
You hear a shout!
The kobold hits you but does no damage.
You are poisoned.
You feel very sick. The kobold hits you but does no damage.
You barely miss the kobold.
You feel sick.
A hobgoblin comes into view.
The kobold barely misses you.
You closely miss the kobold.
You feel sick.
The kobold hits you with a +1 short sword of venom.
You are lethally poisoned!
You barely miss the kobold.
You feel very sick. The kobold hits you but does no damage.
You are more poisoned.
The kobold hits you but does no damage.
You are more poisoned.
You hit the kobold but do no damage. Your headbutt misses the kobold.
* * * LOW HITPOINT WARNING * * *
You feel very sick. The kobold hits you but does no damage.
You are more poisoned.
You sock the kobold!
You kill the kobold!
Trog accepts your kill.
You die...

...[#.####
.......... #.
......#### #.
...#..# #. ##.#..#
##.## ##.#..# #..g#
.#.#..#.# #.#.#
.....(..#
#..)#######
.#.######
#..@......#
...#####
###.#####.#
.......# ...# #.#
.......# ##### #.#
.......# #.#
.......############
#.#
..>...............#
#.#
......###########.#
#.# #.....# #.# #.#


You could see a hobgoblin.

Vanquished Creatures
  An adder (D:2)
  A ball python (D:2)
  2 bats (D:2)
  A kobold (D:2)
  A rat (D:2)
6 creatures vanquished.

Vanquished Creatures (others)
  A plant (D:1)
1 creature vanquished.

Grand Total: 7 creatures vanquished

Notes
Turn   | Place    | Note
-------+----------+-------------------------------------------
     0 | D:1      | thegrandfake the Minotaur Berserker began the quest for the
                  | Orb.
     0 | D:1      | Reached XP level 1. HP: 19/19 MP: 0/0
    48 | D:2      | Reached XP level 2. HP: 27/27 MP: 1/1
   229 | D:2      | Succumbed to a kobold's poison

Illustrated notes

Levels and vault maps discovered:
D:1:      lightli_arrival_statuegarden, layout_basic,
          hangedman_abyss_or_decor_stabs, amcnicky_mini_corridor_feature,
          nicolae_figureground_pulse
D:2:      layout_basic

Skill      XL: |  1  2 |
---------------+-------+-----
Maces & Flails | 4 |  4.0
Fighting       | 4 |  4.0
Armour         | |  2.5
Dodging        | |  2.3

Action                   || total
-------------------------++-------
Melee: Mace              ||    13
       Headbutt          ||     2
Armor: Animal skin       ||     2
       Plate armour      ||    10
Dodge: Dodged            ||    11

Table legend: (Time is in decaauts)
 A = Elapsed time spent in this place.
 B = Non-inter-level travel time spent in this place.
 C = Inter-level travel time spent in this place.
 D = Time resting spent in this place.
 E = Time spent auto-exploring this place.
 F = Levels seen in this place.
 G = Mean time per level.
                   A        B        C        D        E       F      G
               +--------+--------+--------+--------+--------+-----+--------+
         Total |    232 |    232 |      0 |      0 |      0 |   2 |  116.0 |
       Dungeon |    232 |    232 |      0 |      0 |      0 |   2 |  116.0 |
               +--------+--------+--------+--------+--------+-----+--------+

Top non-repeatable levels by time:
     D:2: 195 daAuts
     D:1: 37 daAuts
